 Dungeon Crawl Stone Soup version 0.30-a0-1016-gfb0d676c02 (webtiles) character file.

Game seed: 14946017299396389144

66531 CryoSword the Arsonist (level 14, -16/114 HPs)
             Began as a Demigod Fire Elementalist on Apr 6, 2023.
             Killed from afar by a crystal guardian (42 damage)
             ... with a crystal bolt
             ... on level 12 of the Dungeon.
             The game lasted 01:02:02 (32674 turns).

CryoSword the Arsonist (Demigod Fire Elementalist) Turns: 32674, Time: 01:02:02

Health: -16/114    AC: 17    Str: 19    XL:     14   Next: 40%
Magic:  1/27       EV: 11    Int: 34    God:
Gold:   1032       SH: 11    Dex: 14    Spells: 8/25 levels left

rFire   . . .      SeeInvis .    w - +7 broad axe of a bailey {heavy, rElec Int+2}
rCold   . . .      Faith    .    A - +0 kite shield
rNeg    . . .      Spirit   .    k - +0 swamp dragon scales
rPois   +          Reflect  .    O - +2 helmet {Int+3}
rElec   +          Rampage  +    Q - scarf {shadows}
rCorr   .                        T - +2 pair of gloves {Stlth+}
Will    +....                    N - +2 pair of boots {rampage}
Stlth   +++                      (no amulet)
HPRegen 0.39/turn                F - +6 ring of strength
MPRegen 0.20/turn                q - +4 ring of slaying

@: no status effects
A: high MP 1, forlorn, divine attributes
a: no special abilities


You were on level 12 of the Dungeon.
You visited 2 branches of the dungeon, and saw 17 of its levels.
You also visited: Ossuary and Bailey.

You collected 1546 gold pieces.
You spent 514 gold pieces at shops.

Inventory:

Hand Weapons
 w - the +7 broad axe of a bailey (weapon) {heavy, rElec Int+2}
   (You took it off an orc on level 3 of the Dungeon)

   Int:       It affects your intelligence (+2).
   rElec:     It insulates you from electricity.
Missiles
 g - 64 poisoned darts
 H - 8 curare-tipped darts
Armour
 k - +0 swamp dragon scales (worn)
   (You found it on level 5 of the Lair of Beasts)
 A - a +0 kite shield (worn)
   (You found it on level 12 of the Dungeon)
 N - a +2 pair of boots of rampaging (worn)
   (You found it in a bailey)
 O - a +2 helmet of intelligence (worn)
   (You found it on level 3 of the Dungeon)
 Q - a scarf of shadows (worn)
   (You found it on level 1 of the Lair of Beasts)
 T - a +2 pair of gloves of stealth (worn)
   (You found it on level 3 of the Lair of Beasts)
Magical Staves
 a - the staff of conjuration "Lavesagh" {rPois Int+6 Dex-2}
   (You found it in a bailey)

   [staff of conjuration]

   Base accuracy: +5 Base damage: 5 Base attack delay: 1.2 This weapon's minimum
   attack delay (0.6) is reached at skill level 12.
   Int:       It affects your intelligence (+6).
   Dex:       It affects your dexterity (-2).
   rPois:     It protects you from poison.
   It falls into the 'Staves' category.
   It is a one-handed weapon.
Jewellery
 q - a +4 ring of slaying (right hand)
   (You found it on level 5 of the Lair of Beasts)
 z - a ring of resist corrosion
   (You found it on level 9 of the Dungeon)
 F - a +6 ring of strength (left hand)
   (You found it on level 6 of the Dungeon)
 G - a ring of see invisible
   (You found it on level 3 of the Lair of Beasts)
 R - a ring of ice
   (You took it off Fannar on level 2 of the Lair of Beasts)
Wands
 u - a wand of paralysis (7) (quivered)
   (You found it on level 5 of the Dungeon)
 M - a wand of roots (10)
   (You found it on level 1 of the Lair of Beasts)
 S - a wand of acid (12)
   (You found it on level 2 of the Lair of Beasts)
Scrolls
 d - 13 scrolls of teleportation {@r4}
 h - 2 scrolls of butterflies
 i - 2 scrolls of identify {@r1}
 j - 8 scrolls of enchant weapon
 m - 4 scrolls of magic mapping
 v - a scroll of fear
 C - 3 scrolls of amnesia
 E - 3 scrolls of poison
 I - 4 scrolls of enchant armour
 J - 2 scrolls of brand weapon
Potions
 b - a potion of magic
 c - a potion of heal wounds {@q2}
 e - 12 potions of curing {@q1}
 f - 5 potions of mutation {!q}
 l - 5 potions of might
 n - 3 potions of flight
 o - 4 potions of haste {@q3}
 p - 2 potions of resistance
 r - 7 potions of brilliance
 t - 3 potions of invisibility
 x - 3 potions of cancellation
 y - 4 potions of ambrosia
 B - 3 potions of berserk rage
 K - 5 potions of lignification {!q}


   Skills:
 - Level 7.7 Fighting
 * Level 10.8 Axes
 - Level 3.9 Armour
 - Level 5.2 Dodging
 - Level 3.4 Stealth
 + Level 9.6 Shields
 - Level 6.0 Spellcasting
 - Level 11.1 Conjurations
 - Level 11.4 Fire Magic
 - Level 3.7 Air Magic


You had 8 spell levels left.
You knew the following spells:

 Your Spells              Type           Power      Damage    Failure   Level
a - Scorch                Fire           100%       2d9       1%          2
b - Flame Wave            Conj/Fire      72%        2d16      1%          4
c - Fireball              Conj/Fire      36%        3d15      4%          5
d - Starburst             Conj/Fire      36%        6d11      22%         6

Your spell library contained the following spells:

 Spells                   Type           Power      Damage    Failure   Level
 Foxfire                  Conj/Fire      100%       2x1d9     1%          1
 Magic Dart               Conj           100%       1d8       1%          1
 Searing Ray              Conj           100%       2d8       1%          2
 Static Discharge         Conj/Air       100%       2-7/arc   1%          2
 Dazzling Flash           Conj/Hex       96%        N/A       4%          3
 Inner Flame              Hex/Fire       49%        N/A       4%          3
 Volatile Blastmotes      Fire/Tloc      98%        2d18      4%          3
 Poisonous Vapours        Pois/Air       46%        N/A       11%         2
 Slow                     Hex            40%        N/A       16%         1
 Sting                    Tmut/Pois      40%        1d5       16%         1
 Fulminant Prism          Conj/Hex       24%        3d12      16%         4
 Iskenderun's Mystic Bla  Conj/Tloc      48%        2d11      16%         4
 Airstrike                Air            18%        2d(3-19)  32%         4
 Call Canine Familiar     Summ           10%        N/A       41%         3
 Confusing Touch          Hex            10%        N/A       41%         3
 Frozen Ramparts          Ice            20%        1d4       41%         3
 Portal Projectile        Hex/Tloc       20%        N/A       41%         3
 Tukima's Dance           Hex            10%        N/A       41%         3
 Vampiric Draining        Necr           10%        2d6       41%         3
 Summon Lightning Spire   Summ/Air       23%        N/A       56%         4
 Plasma Beam              Fire/Air       29%        2x1d45    71%         6
 Ice Form                 Ice/Tmut       10%        N/A       83%         4
 Leda's Liquefaction      Hex/Erth       5%         N/A       83%         4
 Olgreb's Toxic Radiance  Pois           10%        N/A       83%         4
 Summon Ice Beast         Ice/Summ       10%        N/A       83%         4
 Silence                  Hex/Air        11%        N/A       89%         5
 Agony                    Necr           10%        N/A       99%         5
 Blade Hands              Tmut           5%         N/A       99%         5
 Lee's Rapid Deconstruct  Erth           5%         3d6*      99%         5


Dungeon Overview and Level Annotations

Branches:
Dungeon (12/15)            Temple (0/1) D:7            Lair (5/5) D:10
 Shoals (0/4) Lair:2        Snake (0/4) Lair:3        Slime (0/5) Lair:5
    Orc (0/2) D:12        Ossuary (visited)          Bailey (visited)

Shops:
D:2 *   D:3 (*=:   D:5 [   D:7 *   D:9 *   D:11 ?(

Annotations:
D:7 3 runed translucent doors, Bnni's ghost, novice FoEE


Innate Abilities, Weirdness & Mutations

You have an increased reservoir of magic. (+10% MP)
You shall have no god before yourself.
Your divine heritage dramatically boosts your attributes as you level up.


Message History

A wave of flame ripples out!
The flame wave engulfs the wraith. (Press . to intensify the flame waves.)
You block the red devil's attack. The wraith hits you.
The wraith drains your vigour!
You feel yourself slow down.
A wave of flame ripples out!
The flame wave engulfs the wraith!!
You destroy the wraith!
The flame wave engulfs the red devil.
The red devil completely resists.
The flame wave engulfs the kobold demonologist.
You carefully extract the barbed spikes from your body.
The red devil disappears in a puff of smoke!
A wave of flame ripples out!
The flame wave engulfs something!!
The flame wave engulfs the cyclops.
You finish channelling waves of flame.
Something hits you but does no damage. Something bites you but does no damage.
Something hits you but does no damage. Something bites you but does no damage.
You slash something!
Reactivating autopickup.
You feel a bit more experienced.
The kobold demonologist gestures wildly while chanting.
You closely miss the kobold demonologist.
You block the kobold demonologist's attack.
The boulder beetle bites you.
You hit the boulder beetle. The boulder beetle bites you.
The boulder beetle bites you!
You slice the boulder beetle like a ripe choko!!!
You kill the boulder beetle!
You feel yourself speed up.
The kobold demonologist looks encouraged for a moment.
You block the kobold demonologist's attack.
You slash the kobold demonologist!
The kobold demonologist casts a spell.
You block the kobold demonologist's attack.
You slash the kobold demonologist!
You kill the kobold demonologist!
The iron imp disappears in a puff of smoke!
The cyclops throws a large rock.
You block the large rock.
There's a creature in the doorway!
You slice the cyclops!! The cyclops hits you!
You completely miss the cyclops.
The cyclops hits you but does no damage.
You chop the cyclops into pieces!!!
You kill the cyclops!
You start resting.
You start resting.
A centaur comes into view.
It is wielding a +3 mace of draining and quivering poisoned darts.
The centaur shouts!
The centaur drinks a potion.
The centaur seems to speed up.
The centaur unwields a +3 mace of draining.
The centaur wields a +0 shortbow.
The centaur shoots an arrow.
The arrow hits you!
There is an open door, spattered with blood here.
Items here: ( ) [ ††††.
You can't see any susceptible monsters within range! (Use Z to cast anyway.) Unknown command.
Unknown command.
Aim: a centaur, wielding a +0 shortbow and quivering poisoned darts (fast)
The fireball explodes!
The fireball engulfs the centaur!!
You kill the centaur!
c - a potion of heal wounds {@q2}
g - 64 poisoned darts (gained 6)
You now have 1012 gold pieces (gained 7).
Things that are here:
a +0 shortbow; a +3 mace of draining; a centaur corpse You now have 1021 gold pieces (gained 9).
Found a potion of degeneration and 2 javelins.
You now have 1032 gold pieces (gained 11).
i - 2 scrolls of identify {@r1} (gained 1)
A wraith comes into view.
A wraith is nearby!
The fireball explodes!
The fireball engulfs the wraith!!
A vampire mosquito comes into view.
A boulder beetle comes into view.
A slime creature comes into view.
The fireball explodes!
The fireball engulfs the wraith!
You destroy the wraith!
The slime creature quivers.
There's nothing to close nearby.
You block the vampire mosquito's attack.
A boulder beetle comes into view.
You barely miss the vampire mosquito.
You block the vampire mosquito's attack. x2
The boulder beetle curls into a ball and begins rolling!
The vampire mosquito bites you but does no damage.
You closely miss the vampire mosquito.
You block the vampire mosquito's attack.
The vampire mosquito closely misses you.
A tengu warrior comes into view. It is wielding a +0 great mace.
The vampire mosquito barely misses you.
A crystal guardian comes into view.
The boulder beetle stops rolling and uncurls.
Flames lash the boulder beetle but do no damage.
You block the vampire mosquito's attack.
An efreet comes into view.
It is wielding a +3 scimitar of flaming.
A wave of flame ripples out!
The flame wave engulfs the slime creature!! (Press . to intensify the flame waves.)
A wave of flame ripples out!
The flame wave engulfs the slime creature!!
The flame wave engulfs the boulder beetle!
The slime creature misses you.
A wave of flame ripples out!
The flame wave engulfs the slime creature!!
You kill the slime creature!
The flame wave engulfs the boulder beetle!
The flame wave engulfs the crystal guardian.
The crystal guardian completely resists.
You finish channelling waves of flame.
The boulder beetle curls into a ball and begins rolling!
You block the vampire mosquito's attack.
A wave of flame ripples out!
The flame wave engulfs the vampire mosquito. (Press . to intensify the flame waves.)
The vampire mosquito bites you but does no damage.
You block the vampire mosquito's attack.
A wave of flame ripples out!
The flame wave engulfs the vampire mosquito!!
You destroy the vampire mosquito!
The flame wave engulfs the crystal guardian but does no damage.
The flame wave engulfs the boulder beetle!
The crystal guardian fires a crystalline bolt at you.
The crystal bolt freezes you!!!
A wave of flame ripples out!
The flame wave engulfs the tengu warrior!!
The flame wave engulfs the crystal guardian.
The crystal guardian completely resists.
The flame wave engulfs the efreet.
The efreet completely resists.
You finish channelling waves of flame.
The tengu warrior hits you with a +0 great mace.
The tengu warrior pecks you but does no damage.
The tengu warrior claws you but does no damage.
A wave of flame ripples out!
The flame wave engulfs the tengu warrior!! (Press . to intensify the flame waves.)
The boulder beetle is engulfed in blazing flames.
The tengu warrior hits you with a +0 great mace!
* * * LOW HITPOINT WARNING * * *
You block the tengu warrior's attack.
The tengu warrior claws you but does no damage.
A wave of flame ripples out!
The flame wave engulfs the tengu warrior!
You kill the tengu warrior!
The flame wave engulfs the crystal guardian.
The crystal guardian completely resists.
The flame wave engulfs the efreet but does no damage.
The efreet gestures at you. The bolt of fire hits you!!
* * * LOW HITPOINT WARNING * * *
The crystal guardian fires a crystalline bolt at you.
The crystal bolt burns you!!!
You die...

....☼........ ...........J.
######## ............. ##########
.......# ..8......y8..##.........
.#....####.....○°....##..#..###..
.........##...9R....##...........
.......### ###)### ###...######
.....#.# ##...@.### #.#.#
.....#.# #.........## #.#.#
.....#.# #...8...8...###.#.#
.......# ....(...!....##...#
'####..#...............#...#
.#..#.##.8...........8.#.#.#
.#..#..#...............#.#.#
###'#..#...............#.#.#
......##...............#...######


You could see a crystal guardian and an efreet.

Vanquished Creatures
  A fire dragon (Lair:5)
  Fannar (Lair:2)
  4 hydras
  2 boulder beetles
  A catoblepas (Lair:5)
  2 tengu warriors (D:12)
  3 two-headed ogres
  6 death yaks
  A skyshark (Lair:5)
  A swamp dragon (Lair:5)
  2 cyclopes (D:12)
  2 ugly things (D:12)
  30 elephants
  A water nymph (Lair:2)
  2 gargoyles
  Joseph (D:9)
  2 torpor snails
  7 black mambas
  10 cane toads
  5 rime drakes
  2 kobold demonologists
  12 komodo dragons
  5 trolls
  16 polar bears
  2 hornets
  5 raiju (Lair:5)
  6 dream sheep (Lair:4)
  A slime creature (D:12)
  9 wyverns
  5 vampires
  4 wraiths
  A shadow (D:12)
  6 basilisks
  2 steam dragons (Lair:5)
  12 yaks
  A hog (shapeshifter) (D:12)
  2 vampire mosquitoes (D:12)
  3 nagas (Lair:3)
  4 wargs (Lair:5)
  2 acid dragons (D:10)
  16 water moccasins
  12 hell hounds (Lair:5)
  2 swamp drakes (Lair:5)
  20 black bears
  An ice beast (D:7)
  10 orc warriors
  6 ogres
  12 centaurs
  56 wolves
  10 kobold brigands
  A phantom (D:4)
  6 gnoll sergeants
  9 bullfrogs
  A scorpion (D:10)
  20 wights
  8 killer bees
  7 vampire bats (Bailey)
  3 howler monkeys
  4 wolf zombies (Bailey)
  11 electric eels
  A jelly (D:5)
  4 orc priests
  5 hounds
  8 iguanas
  5 hell rats (Lair:3)
  11 orc wizards
  A mummy (Ossuary)
  22 gnolls
  5 adders
  15 orc zombies (Bailey)
  A shadow imp (D:5)
  A white imp (D:5)
  2 dart slugs
  52 orcs
  7 ball pythons
  3 bats
  2 endoplasms
  2 giant cockroaches
  12 goblins
  6 hobgoblins
  8 jackals
  3 quokkas
  4 frilled lizards
  6 gnoll skeletons (Ossuary)
  25 kobolds
  4 kobold skeletons (Ossuary)
  15 orc skeletons (Ossuary)
  5 rats
  A bush (Lair:4)
635 creatures vanquished.

Vanquished Creatures (collateral kills)
  2 foxfires
2 creatures vanquished.

Vanquished Creatures (others)
  1046 foxfires
  57 fungi
  129 plants
1232 creatures vanquished.

Grand Total: 1869 creatures vanquished

Notes
Turn   | Place    | Note
-------+----------+-------------------------------------------
     0 | D:1      | CryoSword the Demigod Fire Elementalist began the quest for
                  | the Orb.
     0 | D:1      | Reached XP level 1. HP: 14/14 MP: 5/5
    70 | D:1      | Reached skill level 1 in Conjurations
   500 | D:1      | Reached XP level 2. HP: 15/20 MP: 2/7
   695 | D:1      | Learned a level 2 spell: Scorch
  1537 | D:2      | Found Ettan's Assorted Antiques.
  1544 | D:2      | Bought a scroll labelled IMEENL XEITUIC for 26 gold pieces
  1544 | D:2      | Bought 2 scrolls labelled OTERAWNA QEITZ for 52 gold pieces
  1544 | D:2      | Bought a golden potion for 23 gold pieces
  1649 | D:3      | Reached XP level 3. HP: 18/26 MP: 1/8
  1770 | D:3      | Found Ufej's Assorted Antiques.
  1772 | D:3      | Found Mefriel's Weapon Boutique.
  2004 | D:3      | Reached XP level 4. HP: 33/33 MP: 5/9
  2816 | D:3      | Found Jaubirue's Jewellery Boutique.
  2883 | D:3      | Reached XP level 5. HP: 35/38 MP: 1/10
  2994 | D:3      | Identified the +7 broad axe of a bailey {heavy, rElec
                  | Int+2}
  3124 | D:3      | Found Ofacvuer's Book Boutique.
  3782 | D:4      | Reached skill level 1 in Axes
  3867 | D:4      | Reached skill level 1 in Shields
  4026 | D:5      | Entered Level 5 of the Dungeon
  4036 | D:5      | Reached XP level 6. HP: 43/45 MP: 1/11
  4670 | D:5      | Learned a level 4 spell: Flame Wave
  4732 | D:5      | Found Bicilushre's Armour Boutique.
  4741 | D:5      | Bought a +0 pair of boots for 63 gold pieces
  4754 | D:5      | Reached XP level 7. HP: 45/50 MP: 0/13
  5505 | D:6      | Found a sand-covered staircase.
  5512 | Ossuary  | Entered an ossuary
  5512 | Ossuary  | Noticed a wraith
  5512 | Ossuary  | Noticed a wraith
  5512 | Ossuary  | Noticed a wraith
  5908 | Ossuary  | Noticed a wraith
  5918 | Ossuary  | Killed a wraith
  5919 | Ossuary  | Reached skill level 5 in Fire Magic
  6439 | D:6      | Reached XP level 8. HP: 30/58 MP: 1/14
  6616 | D:6      | Reached skill level 1 in Fighting
  7088 | D:6      | Reached skill level 5 in Conjurations
  7687 | D:7      | Found a runed translucent gate.
  7687 | D:7      | Found a runed translucent gate.
  7687 | D:7      | Found a runed translucent gate.
  7843 | D:7      | Found a staircase to the Ecumenical Temple.
  7891 | D:7      | Found Yfaxkuaq's Assorted Antiques.
  7899 | D:7      | Bought a scroll labelled EHIRERGH QIDOYF for 28 gold pieces
  8184 | D:7      | Noticed Bnni's ghost (novice FoEE)
  8191 | D:7      | Noticed a boulder beetle
  8351 | D:7      | Reached skill level 5 in Shields
  8727 | D:7      | Reached XP level 9. HP: 67/67 MP: 9/15
 10890 | D:8      | Reached skill level 5 in Axes
 11282 | D:8      | Learned a level 5 spell: Fireball
 11572 | D:9      | Found Laruf's Assorted Antiques.
 11577 | D:9      | Bought a scroll labelled NONIALU SEICVO for 29 gold pieces
 11740 | D:2      | Bought a smoky pink potion for 23 gold pieces
 11777 | D:3      | Bought a sedimented pink potion for 23 gold pieces
 11777 | D:3      | Bought a bubbling silvery potion for 23 gold pieces
 12035 | D:9      | Noticed Joseph
 12059 | D:9      | Killed Joseph
 12063 | D:9      | Reached XP level 10. HP: 47/77 MP: 0/16
 12999 | D:10     | Entered Level 10 of the Dungeon
 13103 | D:10     | Found a flagged portal.
 13115 | Bailey   | Entered a bailey
 14335 | Bailey   | Identified the staff of conjuration "Lavesagh" {rPois Int+6
                  | Dex-2}
 15396 | D:10     | Found a staircase to the Lair.
 15439 | D:10     | Reached XP level 11. HP: 85/85 MP: 2/19
 15455 | D:10     | Noticed a two-headed ogre
 15603 | D:10     | Killed a two-headed ogre
 16795 | D:11     | Found Quno's Magic Scroll Boutique.
 16800 | D:11     | Bought a scroll of identify for 28 gold pieces
 16800 | D:11     | Bought a scroll of identify for 28 gold pieces
 16800 | D:11     | Bought a scroll of amnesia for 56 gold pieces
 16800 | D:11     | Bought a scroll of poison for 56 gold pieces
 16800 | D:11     | Bought a scroll of fear for 56 gold pieces
 17056 | D:11     | Found Ymnyruut's Weapon Boutique.
 17129 | D:11     | Noticed a two-headed ogre
 17135 | D:11     | Killed a two-headed ogre
 17385 | D:11     | Upgraded the game from 0.30-a0-1014-g3371b13838 to
                  | 0.30-a0-1016-gfb0d676c02
 17729 | Lair:1   | Entered Level 1 of the Lair of Beasts
 17735 | Lair:1   | Reached skill level 5 in Fighting
 19184 | Lair:2   | Reached XP level 12. HP: 29/94 MP: 11/23
 19436 | Lair:2   | Reached skill level 5 in Spellcasting
 19568 | Lair:2   | Identified the +5 falchion "Jelly's Nightmare" {pain,
                  | Contam rElec rPois Int+7}
 19633 | Lair:2   | Found a staircase to the Shoals.
 19674 | Lair:2   | Noticed Fannar
 19916 | Lair:2   | Killed Fannar
 20059 | Lair:2   | Reached skill level 10 in Fire Magic
 20935 | Lair:2   | Reached skill level 10 in Conjurations
 21601 | Lair:2   | Identified the +2 leather armour "Waech" {Will+}
 22788 | Lair:2   | Learned a level 6 spell: Starburst
 23561 | Lair:3   | Reached skill level 1 in Armour
 23561 | Lair:3   | Reached skill level 1 in Air Magic
 23566 | Lair:3   | Reached XP level 13. HP: 103/103 MP: 5/26
 24269 | Lair:3   | Found a staircase to the Snake Pit.
 25892 | Lair:5   | Entered Level 5 of the Lair of Beasts
 27325 | Lair:5   | Found a staircase to the Slime Pits.
 29344 | Lair:5   | Reached skill level 5 in Dodging
 29344 | Lair:5   | Reached XP level 14. HP: 95/113 MP: 27/27
 31533 | D:12     | Reached skill level 10 in Axes
 31798 | D:12     | Found a staircase to the Orcish Mines.
 32674 | D:12     | Killed from afar by a crystal guardian

Illustrated notes

Levels and vault maps discovered:
D:1:      noname_arrival_rooms_in_the_neighbourhood, layout_basic,
          minmay_misc_feat_enclosed
D:2:      layout_loops_ring, serial_shops, shop
D:3:      layout_loops_cross, serial_shops, shop, shop, nicolae_shop_stone, shop
D:4:      layout_cave_pools
D:5:      layout_cave_pools, serial_shops, nicolae_shop_advertising_works
          [nicolae_subvault_shop_adworks]
D:6:      layout_basic, chequers_ossuary_entry_cave, minmay_misc_feat_alley
D:7:      layout_cave_pods, minmay_temple_entry_antechambers, serial_shops,
          nicolae_shop_overgrown_old_shop, gammafunk_ghost_split
D:8:      layout_basic, gammafunk_temple_overflow_wave, special_room
          [special_room_orc]
D:9:      layout_small_grid, serial_shops, nicolae_shop_trees,
          grunt_ministairs_8, uniq_joseph
D:10:     layout_loops_cross, minmay_lair_entry_grove,
          lightli_bailey_entry_fortress, minmay_alternating_orb
D:11:     layout_basic, serial_shops, nicolae_square_shop, shop
D:12:     kennysheep_green_arena, layout_stronghold,
          kennysheep_orc_monster_closet_entryway, minivault_23,
          chequers_arboretum
Lair:1:   layout_loops_ring, grunt_forest_large_clearings
Lair:2:   layout_regular_city, nicolae_shoals_entry_flooding,
          pdpol_lair_cavern_descent, grunt_megastairs_5, uniq_fannar
Lair:3:   layout_roguey, guppyfry_snake_entry_island, gammafunk_lair_bear_cave,
          serial_bayou_shore_b
Lair:4:   layout_gridlike
Lair:5:   hangedman_lair_caniforms_friends, layout_gridlike,
          guppyfry_lair_end_dragon, minmay_slime_entry_oklob_open,
          serial_bayou_shore_a

Skill      XL: |  1  2  3  4  5  6  7  8  9 10 11 12 13 14 |
---------------+-------------------------------------------+-----
Conjurations   | 1 2 3 4 5 6 8 9 10 11 | 11.1
Fire Magic     | 3 4 5 6 7 8 9 10 11 | 11.4
Spellcasting   | 2 3 4 6 |  6.0
Axes           | 1 2 3 4 5 6 7 9 10 | 10.8
Shields        | 1 2 3 5 6 7 8 9 |  9.6
Fighting       | 2 3 4 5 6 7 |  7.7
Stealth        | 2 3 |  3.4
Dodging        | 2 3 5 |  5.2
Armour         | 1 3 |  3.9
Air Magic      | 1 3 |  3.7

Action                     |  1- 3 |  4- 6 |  7- 9 | 10-12 | 13-15 || total
---------------------------+-------+-------+-------+-------+-------++-------
  Melee: Whip              |    16 |     8 |    40 |    66 |     2 ||   132
         Hand axe          |       |     4 |       |       |       ||     4
         Staff             |       |       |       |     4 |    11 ||    15
         Broad axe         |       |       |       |       |    91 ||    91
   Cast: Foxfire           |    48 |    77 |   264 |   213 |       ||   602
         Scorch            |    14 |    49 |    78 |   153 |    64 ||   358
         Flame Wave        |       |       |     1 |    60 |    59 ||   120
         Fireball          |       |       |       |    63 |   101 ||   164
         Starburst         |       |       |       |       |     1 ||     1
  Evoke: Wand              |       |       |       |     4 |       ||     4
    Use: Scroll            |     5 |     2 |     8 |     6 |    15 ||    36
         Potion            |       |       |     1 |    10 |     5 ||    16
   Stab: Paralysed         |       |       |       |     7 |       ||     7
         Sleeping          |       |       |       |     1 |     1 ||     2
         Distracted        |       |       |       |       |     2 ||     2
 Armour: Robe              |     3 |    12 |    25 |    13 |       ||    53
         Ring mail         |       |       |       |   122 |   154 ||   276
         Swamp dragon scal |       |       |       |       |    27 ||    27
  Dodge: Dodged            |    18 |    27 |    62 |   147 |   196 ||   450
  Block: Buckler           |       |     3 |    33 |    89 |    94 ||   219
         Kite shield       |       |       |       |       |    26 ||    26

Table legend: (Time is in decaauts)
 A = Elapsed time spent in this place.
 B = Non-inter-level travel time spent in this place.
 C = Inter-level travel time spent in this place.
 D = Time resting spent in this place.
 E = Time spent auto-exploring this place.
 F = Levels seen in this place.
 G = Mean time per level.
                   A        B        C        D        E       F      G
               +--------+--------+--------+--------+--------+-----+--------+
         Total |  32856 |  31157 |   1699 |   5868 |  19534 |  19 | 1729.3 |
       Dungeon |  17689 |  16467 |   1222 |   1329 |  12475 |  12 | 1474.1 |
          Lair |  13277 |  12801 |    476 |   3671 |   6651 |   5 | 2655.4 |
       Ossuary |    621 |    621 |      0 |    105 |    365 |   1 |  621.0 |
        Bailey |   1267 |   1267 |      0 |    763 |     42 |   1 | 1267.0 |
               +--------+--------+--------+--------+--------+-----+--------+

Top non-repeatable levels by time:
  Lair:5: 3355 daAuts
  Lair:4: 3259 daAuts
  Lair:2: 2766 daAuts
  Lair:1: 2595 daAuts
    D:10: 2517 daAuts
     D:6: 1906 daAuts
     D:8: 1874 daAuts
     D:7: 1722 daAuts
     D:3: 1642 daAuts
    D:12: 1511 daAuts
     D:9: 1416 daAuts
  Lair:3: 1300 daAuts
  Bailey: 1267 daAuts
    D:11: 1140 daAuts
     D:4: 1136 daAuts
